 Dungeon Crawl Stone Soup version 0.30-a0-591-g3c58d2bc28 (webtiles) character file.

Game seed: 10754290671743187464

29 Leeroy the Slasher (level 3, -18/21 HPs)
             Began as a Tengu Reaver on Jan 4, 2023.
             Demolished by Terence
             ... wielding a +1 short sword of electrocution
              (20 damage)
             ... on level 2 of the Dungeon.
             The game lasted 00:02:15 (1004 turns).

Leeroy the Slasher (Tengu Reaver)                   Turns: 1004, Time: 00:02:16

Health: -18/21     AC:  3    Str: 12    XL:     3   Next: 16%
Magic:  5/7        EV: 11    Int: 15    God:
Gold:   32         SH:  0    Dex: 12    Spells: 0/6 levels left

rFire   . . .      SeeInvis .    a - +0 falchion
rCold   . . .      Faith    .    (no shield)
rNeg    . . .      Spirit   .    b - +0 leather armour
rPois   .          Reflect  .    (helmet restricted)
rElec   .          Harm     .    (no cloak)
rCorr   .          Rampage  .    (no gloves)
Will    .....                    (boots unavailable)
Stlth   +                        (no amulet)
HPRegen 0.23/turn                (no ring)
MPRegen 0.10/turn                (no ring)

@: very slightly contaminated
A: beak, talons 3
a: no special abilities


You were on level 2 of the Dungeon.
You visited 1 branch of the dungeon, and saw 2 of its levels.

You collected 32 gold pieces.

Inventory:

Hand Weapons
 a - a +0 falchion (weapon)
 h - a +0 long sword
Missiles
 j - 2 atropa-tipped darts
Armour
 b - a +0 leather armour (worn)
Magical Staves
 l - a staff of death
Scrolls
 e - a scroll of poison {unknown}
 i - 3 scrolls of noise {unknown}
Potions
 c - 3 potions of curing {unknown}
 d - a potion of mutation {unknown}
 f - a potion of brilliance {unknown}
 g - 2 potions of degeneration {unknown}
 k - a potion of ambrosia {unknown}


   Skills:
 - Level 2.0 Fighting
 + Level 4.6 Long Blades
 - Level 2.1 Dodging
 - Level 2.0 Spellcasting
 - Level 4.0 Conjurations


You couldn't memorise any spells.
You knew the following spells:

 Your Spells              Type           Power      Damage    Failure   Level
a - Kiss of Death         Conj/Necr      28%        2d7       12%         1
b - Momentum Strike       Conj/Tloc      14%        3d8       19%         2
c - Hailstorm             Conj/Ice       7%         3d4       36%         3

Your spell library contained the following spells:

 Spells                   Type           Power      Damage    Failure   Level
 Blink                    Tloc           2%         N/A       38%         2
 Manifold Assault         Tloc           1%         N/A       95%         4
 Storm Form               Tmut/Air       0%         N/A       100%        7


Dungeon Overview and Level Annotations

Branches:
Dungeon (2/15)

Altars:

Annotations:
D:2 Terence


Innate Abilities, Weirdness & Mutations

You have a beak for a mouth.
You have claws for feet.


Message History

The dart slug bites you.
You hit the dart slug. You claw the dart slug.
You kill the dart slug!
No target in view!
No target in view!
There is a stone staircase leading down here.
Terence the Incautious comes into view.
He is wielding a +1 short sword of electrocution.
Terence shouts!
Terence is nearby!
Terence is nearby!
Terence attacks as you move away! Terence misses you.
There is a stone staircase leading down here.
Terence attacks as you move away!
Terence hits you with a +1 short sword of electrocution.
Casting: Kiss of Death (safe; 12% risk of failure)
Confirm with . or Enter, or press ? or * to list all spells.
Aiming: Momentum Strike (safe; 19% risk of failure)
Press: ? - help, Dir - move target, f - Terence
Aim: Terence, wielding a +1 short sword of electrocution and wearing a +0 ring mail (72% to hit)
Okay, then.
Casting: Momentum Strike (safe; 19% risk of failure)
Confirm with . or Enter, or press ? or * to list all spells.
Okay, then.
Casting: Momentum Strike (safe; 19% risk of failure)
Confirm with . or Enter, or press ? or * to list all spells.
Aiming: Momentum Strike (safe; 19% risk of failure)
Press: ? - help, Dir - move target, f - Terence
Aim: Terence, wielding a +1 short sword of electrocution and wearing a +0 ring mail (72% to hit)
You miscast Momentum Strike.
You are very lightly contaminated with residual magic.
Nothing appears to happen.
Terence hits you with a +1 short sword of electrocution.
You are electrocuted!
* * * LOW HITPOINT WARNING * * *
Terence attacks as you move away!
Terence hits you with a +1 short sword of electrocution.
* * * LOW HITPOINT WARNING * * *
You are electrocuted!!
Ouch! That really hurt!
You die...

.# .. .# .# #.#
########## .# #.#..
.........## .#
#####.#.# ######...##.#
...##.#.# #....@@.....#
##.##.#.# #.#.##...####
#.##.#.# #......#.....
#.##.#.####........####
#.##..............##
#...............#.#
######............#
########.##### ###


You could see Terence.

Vanquished Creatures
  3 dart slugs
  An endoplasm (D:1)
  A giant cockroach (D:2)
  2 quokkas (D:1)
  5 ball pythons
  2 bats
  2 goblins (D:1)
  2 kobolds (D:1)
  5 rats
23 creatures vanquished.

Notes
Turn   | Place    | Note
-------+----------+-------------------------------------------
     0 | D:1      | Leeroy the Tengu Reaver began the quest for the Orb.
     0 | D:1      | Reached XP level 1. HP: 12/12 MP: 4/4
   156 | D:1      | Reached XP level 2. HP: 17/17 MP: 6/6
   786 | D:2      | Reached XP level 3. HP: 21/21 MP: 7/7
   823 | D:2      | Learned a level 2 spell: Momentum Strike
   827 | D:2      | Learned a level 3 spell: Hailstorm
   997 | D:2      | Noticed Terence
  1004 | D:2      | Demolished by Terence

Illustrated notes

Levels and vault maps discovered:
D:1:      onia_arrival_pyramid, layout_basic, serial_park_tiny_1
D:2:      layout_loops_ring, uniq_terence

Skill      XL: |  1  2 |
---------------+-------+-----
Long Blades    | 4 |  4.6
Fighting       | |  2.0
Dodging        | |  2.1
Spellcasting   | |  2.0
Conjurations   | |  4.0

Action                   || total
-------------------------++-------
Melee: Falchion          ||    44
       Kick              ||     6
       Peck              ||     4
Armor: Leather armour    ||    12
Dodge: Dodged            ||    34

Table legend: (Time is in decaauts)
 A = Elapsed time spent in this place.
 B = Non-inter-level travel time spent in this place.
 C = Inter-level travel time spent in this place.
 D = Time resting spent in this place.
 E = Time spent auto-exploring this place.
 F = Levels seen in this place.
 G = Mean time per level.
                   A        B        C        D        E       F      G
               +--------+--------+--------+--------+--------+-----+--------+
         Total |   1007 |    950 |     57 |      0 |    795 |   2 |  503.5 |
       Dungeon |   1007 |    950 |     57 |      0 |    795 |   2 |  503.5 |
               +--------+--------+--------+--------+--------+-----+--------+

Top non-repeatable levels by time:
     D:1: 752 daAuts
     D:2: 255 daAuts
